 Dungeon Crawl Stone Soup version 0.31-a0-983-g7b6862f502 (webtiles) character file.

Game seed: 2067376678308987190

247 lunkers the Insei (level 5, -2/39 HPs)
             Began as a Demigod Shapeshifter on Nov 2, 2023.
             Slain by a centaur (6 damage)
             ... on level 4 of the Dungeon.
             The game lasted 00:04:12 (1719 turns).

lunkers the Insei (Demigod Shapeshifter)            Turns: 1719, Time: 00:04:13

Health: -2/39      AC:  5    Str: 15    XL:     5   Next: 55%
Magic:  7/7        EV: 11    Int: 12    God:
Gold:   113        SH:  0    Dex: 17    Spells: 4/4 levels left

rFire   . .          .
                       - Unarmed
rCold   . . .        (no shield)
rNeg    . . .        l - +0 ring mail
rPois   .            (helmet currently unavailable)
rElec   .            (cloak currently unavailable)
rCorr   +            (gloves currently unavailable)
SInv    .            (boots currently unavailable)
Will    .....        (no amulet)
Stlth   +            f - ring of resist corrosion
HPRegen 0.26/turn    (no ring)
MPRegen 0.10/turn

%: no passive effects
@: beast-form
A: beast (slay +2), high MP 1, forlorn, divine attributes
a: Begin Untransformation


You were on level 4 of the Dungeon.
You were a hulking beast.
You visited 1 branch of the dungeon, and saw 4 of its levels.

You collected 113 gold pieces.

Inventory:

Armour
 a - a +0 animal skin
 l - a +0 ring mail (worn)
Jewellery
 f - a ring of resist corrosion (left hand)
Talismans
 c - a beast talisman
 d - a flux talisman
Wands
 o - a wand of flame (13)
Scrolls
 j - a scroll of fog
 m - 2 scrolls of immolation
Potions
 b - a potion of haste
 e - a potion of resistance {unknown}
 g - 2 potions of curing
 h - 2 potions of attraction {unknown}
 i - 2 potions of might {unknown}
 k - a potion of brilliance {unknown}


   Skills:
 - Level 0.8 Fighting
 - Level 1.7 Dodging
 * Level 5.1 Unarmed Combat
 + Level 3.9 Shapeshifting


You had 4 spell levels left.
You didn't know any spells.
Your spell library contained the following spells:

 Spells                   Type           Power      Damage    Failure   Level
 Apportation              Tloc           0%         N/A       54%         1
 Necrotise                Necr           0%         1d4       54%         1
 Summon Small Mammal      Summ           0%         N/A       54%         1
 Blink                    Tloc           0%         N/A       69%         2
 Lesser Beckoning         Tloc           0%         N/A       69%         2
 Momentum Strike          Conj/Tloc      0%         3d8       69%         2


Dungeon Overview and Level Annotations

Branches:
Dungeon (4/15)
 Temple: D:4-7


Innate Abilities, Weirdness & Mutations

You are a hulking beast.
Your limbs bulge with bestial killing power. (Slay +2)
You have an increased reservoir of magic. (+10% MP)
You shall have no god before yourself.
Your divine heritage dramatically boosts your attributes as you level up.


Message History

You hear a shout!
The centaur shoots an arrow.
The arrow hits you.
A centaur comes into view.
Found a manual of Transmutations.
The centaur unwields a +0 orcbow.
The centaur hits you but does no damage.
The centaur completely misses you.
You closely miss the centaur. The centaur misses you.
The centaur kicks you but does no damage.
You completely miss the centaur.
The centaur hits you but does no damage.
The centaur barely misses you.
The centaur wields a +0 orcbow.
The centaur shoots an arrow.
The arrow hits you!
* * * LOW HITPOINT WARNING * * *
Okay, then.
You hit the centaur but do no damage. The centaur barely misses you. x2
The centaur hits you.
* * * LOW HITPOINT WARNING * * *
The centaur kicks you but does no damage.
Found a scroll labelled KUWA ZICUBASCHU.
The centaur barely misses you. x2; The centaur unwields a +0 orcbow.
The centaur hits you but does no damage.
The centaur closely misses you.
You hit the centaur but do no damage.
The centaur hits you but does no damage.
The centaur kicks you.
* * * LOW HITPOINT WARNING * * *
The centaur hits you.
* * * LOW HITPOINT WARNING * * *
The centaur kicks you.
* * * LOW HITPOINT WARNING * * *
Unknown command.
You hit the centaur.
The centaur is lightly wounded.
The centaur hits you.
* * * LOW HITPOINT WARNING * * *
The centaur barely misses you. The centaur hits you.
* * * LOW HITPOINT WARNING * * *
The centaur barely misses you. The centaur closely misses you.
The centaur barely misses you. The centaur hits you.
You die...

. ....#......#
.###.............. #.
..#......#....##.# ...
.........#...##...
....
.....).......#.#.. #..
.##............#:#...
.............#...#.#
.............##c(.# .
..#...........##h##..#
..#.........#...c...#
..รท....##.........###
.....)))###.#..#.##
....##.###..#..###
...##....##.#..#
..##..........##
...#..##......#
.....###...#.##


You could see 2 centaurs.

Vanquished Creatures
  2 scorpions (D:4)
  An orc wizard (D:4)
  Robin (D:2)
  3 adders
  3 worms
  2 orcs (D:4)
  5 bats
  3 endoplasms
  A giant cockroach (D:1)
  10 goblins
  7 hobgoblins
  3 jackals (D:1)
  3 quokkas
  2 ball pythons
  3 frilled lizards
  A kobold (D:4)
50 creatures vanquished.

Notes
Turn   | Place    | Note
-------+----------+-------------------------------------------
     0 | D:1      | lunkers the Demigod Shapeshifter began the quest for the
                  | Orb.
     0 | D:1      | Reached XP level 1. HP: 15/15 MP: 3/3
     2 | D:1      | Noticed a merfolk
     2 | D:1      | Noticed a vampire
     4 | D:1      | Noticed a vine stalker
     4 | D:1      | Noticed a draconian
     6 | D:1      | Noticed a demonspawn
     6 | D:1      | Noticed a troll
     8 | D:1      | Noticed an armataur
     8 | D:1      | Noticed an octopode
    10 | D:1      | Noticed a felid
    12 | D:1      | Noticed an ogre
    12 | D:1      | Noticed a minotaur
    14 | D:1      | Noticed a spriggan
    14 | D:1      | Noticed a naga
    18 | D:1      | Noticed a gargoyle
    18 | D:1      | Noticed a demigod
    20 | D:1      | Noticed a tengu
    20 | D:1      | Noticed a meteoran
    22 | D:1      | Noticed a formicid
    22 | D:1      | Noticed a human
    24 | D:1      | Noticed a ghoul
    26 | D:1      | Noticed an octopode
   240 | D:1      | Reached skill level 3 in Unarmed Combat
   254 | D:1      | Reached XP level 2. HP: 21/22 MP: 4/4
   666 | D:2      | Noticed Robin
   677 | D:2      | Killed Robin
   678 | D:2      | Reached XP level 3. HP: 23/27 MP: 5/5
   834 | D:2      | You fall into a shaft and drop 1 floor!
  1219 | D:3      | Reached skill level 4 in Unarmed Combat
  1255 | D:4      | Reached XP level 4. HP: 13/34 MP: 6/6
  1283 | D:4      | Reached XP level 5. HP: 5/39 MP: 7/7
  1488 | D:4      | HP: 1/39 [poisoned by a scorpion]
  1493 | D:4      | Reached skill level 5 in Unarmed Combat
  1708 | D:4      | Noticed a centaur
  1713 | D:4      | Noticed a centaur
  1719 | D:4      | Slain by a centaur

Illustrated notes

Levels and vault maps discovered:
D:1:      kb_arrival_jail, layout_loops_ring, dk_noncrumbling_2,
          nicolae_figureground_pulse
D:2:      layout_loops_ring, uniq_robin
D:3:      layout_basic, mainiacjoe_overflow_chevrons, general_overflow_altar,
          shapermc_ecumenical_altar_mp_urbaneastern
D:4:      layout_cave_pools, kiku_gazebo_pond_becter,
          mainiacjoe_overflow_alcove_2, minmay_manual_mares

Skill      XL: |  1  2  3  4  5 |
---------------+----------------+-----
Unarmed Combat | 3 4 5 |  5.1
Shapeshifting  | 3 |  3.9
Fighting       | |  0.8
Dodging        | |  1.7

Action                     |  1- 3 |  4- 6 || total
---------------------------+-------+-------++-------
  Melee: Unarmed           |   123 |    61 ||   184
         Punch             |     3 |     3 ||     6
    Use: Potion            |     1 |     3 ||     4
         Scroll            |     4 |       ||     4
 Armour: Animal skin       |    22 |       ||    22
         Ring mail         |    55 |    33 ||    88
         Skin              |     5 |    13 ||    18
  Dodge: Dodged            |    79 |    44 ||   123

Table legend: (Time is in decaauts)
 A = Elapsed time spent in this place.
 B = Non-inter-level travel time spent in this place.
 C = Inter-level travel time spent in this place.
 D = Time resting spent in this place.
 E = Time spent auto-exploring this place.
 F = Levels seen in this place.
 G = Mean time per level.
                   A        B        C        D        E       F      G
               +--------+--------+--------+--------+--------+-----+--------+
         Total |   1688 |   1624 |     64 |     39 |   1185 |   4 |  422.0 |
       Dungeon |   1688 |   1624 |     64 |     39 |   1185 |   4 |  422.0 |
               +--------+--------+--------+--------+--------+-----+--------+

Top non-repeatable levels by time:
     D:1: 556 daAuts
     D:4: 461 daAuts
     D:3: 398 daAuts
     D:2: 272 daAuts
